 Dungeon Crawl Stone Soup version 0.27.1-33-g824d729ab1 (console) character file.

Game seed: 10637823716192441149

19 Banquo the Cutter (level 2, -3/25 HPs)
             Began as a Djinni Chaos Knight on Dec 28, 2021.
             Was a Plaything of Xom.
             Slain by a gnoll (7 damage)
             ... on level 1 of the Dungeon.
             The game lasted 00:02:25 (660 turns).

Banquo the Cutter (Djinni Chaos Knight)              Turns: 660, Time: 00:02:26

Health: -3/25      AC:  5    Str: 11    XL:     2   Next: 95%
Gold:   24         EV: 11    Int: 13    God:    Xom [..*...] SH:  0 Dex: 12

rFire    + + .     SeeInvis .   a - +0 short sword (chaos)
rCold    x . .     Faith    .   (no shield)
rNeg     . . .     Spirit   .   b - +2 leather armour
rPois    ∞         Reflect  .   (no helmet)
rElec    .         Harm     .   (no cloak)
rCorr    .         Rampage  .   (no gloves)
Will     .....                  (boots unavailable)
Stlth    +.........             (no amulet)
HPRegen  0.08/turn              (no ring)
MPRegen  0.00/turn              (no ring)

@: flying
A: sickness immunity, fire resistance 2, cold vulnerability 1, float, innate
caster, hp casting, extra vitality 1
a: Renounce Religion


You were on level 1 of the Dungeon.
You worshipped Xom.
You were a toy of Xom.
You visited 1 branch of the dungeon, and saw 1 of its levels.

You collected 24 gold pieces.

Inventory:

Hand Weapons
 a - a +0 short sword of chaos (weapon)
 d - a +0 hunting sling
Missiles
 h - 25 stones (quivered)
Armour
 b - a +2 leather armour (worn)
Scrolls
 c - a scroll of noise {unknown}
 f - 3 scrolls of teleportation {unknown}
Potions
 e - a potion of flight {unknown}
 g - a potion of curing {unknown}


   Skills:
 - Level 3.0 Fighting
 + Level 3.6 Short Blades
 - Level 1.0 Armour
 - Level 2.1 Dodging


You had one spell level left.
You didn't know any spells.
Your spell library was empty.

Dungeon Overview and Level Annotations

Branches:
Dungeon (1/15)

Altars:

Shops:
D:1 !


Innate Abilities, Weirdness & Mutations

You are immune to sickness and miasma.
You are immune to poison.
Your flesh is very heat resistant. (rF++)
You are vulnerable to cold. (rC-)
You float through the air rather than walking.
You learn spells naturally, not from books.
Your magical power is your life essence.
You have superior vitality. (+4 HP)


Message History

You see here a human skeleton.
Found a spear.
A frilled lizard comes into view.
The gnoll shouts!
Your leather armour prevents you from hitting the gnoll.
You hit the gnoll but do no damage. The gnoll hits you with a +0 flail.
You hit the gnoll but do no damage.
The gnoll seems to grow stronger.
Xom thinks this is hilarious!
The gnoll barely misses you.
You hit the gnoll but do no damage. You drain the gnoll.
The gnoll is moderately wounded.
The gnoll closely misses you.
You barely miss the gnoll.
The gnoll is moderately wounded.
The gnoll misses you.
You hit the gnoll but do no damage.
Nothing appears to happen.
The gnoll is moderately wounded.
The gnoll hits you with a +0 flail!
A shower of butterflies erupts from you!
You are too injured to fight recklessly!
You closely miss the gnoll.
The gnoll is moderately wounded.
The gnoll hits you but does no damage.
You hit the gnoll. You burn the gnoll.
The gnoll is heavily wounded.
The gnoll hits you with a +0 flail. The gnoll barely misses your butterfly.
The gnoll misses your butterfly. Something barely misses your butterfly.
You barely miss the gnoll.
The gnoll is moderately wounded.
The gnoll hits you with a +0 flail.
You barely miss the gnoll.
The gnoll is moderately wounded.
The gnoll hits you with a +0 flail.
* * * LOW HITPOINT WARNING * * *
You barely miss the gnoll.
The gnoll is moderately wounded.
The gnoll hits you with a +0 flail!
You die...

###################
#.@g...............
#)#################
#.# #.# #.###
#####...# ##...###.#
##.##..##.# ##
##÷####÷.###########
#.


You could see a gnoll.

Vanquished Creatures
  A dart slug (D:1)
  A bat (D:1)
  2 hobgoblins (D:1)
  4 jackals (D:1)
  A quokka (D:1)
  3 ball pythons (D:1)
  2 frilled lizards (D:1)
  A kobold (D:1)
  A rat (D:1)
16 creatures vanquished.

Notes
Turn   | Place    | Note
-------+----------+-------------------------------------------
     0 | D:1      | Banquo the Djinni Chaos Knight began the quest for the Orb.
     0 | D:1      | Reached XP level 1. HP: 20/20 MP: 0/0
    24 | D:1      | XOM: potion effect (invisibility)
    37 | D:1      | Reached XP level 2. HP: 22/25 MP: 0/0
   155 | D:1      | XOM: divination: magic mapping
   354 | D:1      | Found Siogot's Distillery.
   513 | D:1      | XOM: silly message
   595 | D:1      | XOM: butterfly on damage
   660 | D:1      | Slain by a gnoll

Illustrated notes

Levels and vault maps discovered:
D:1:      dpeg_arrival_connections, layout_loops_ring, serial_shops,
          nicolae_square_shop, hex_large, wander_ebering_terrifying_dragon_lair

Skill      XL: |  1 |
---------------+----+-----
Short Blades   | 3 |  3.6
Fighting       | |  3.0
Armour         | |  1.0
Dodging        | |  2.1

Action                   || total
-------------------------++-------
Melee: Short sword       ||    62
 Stab: Invisible         ||     4
       Sleeping          ||     1
Armor: Leather armour    ||    17
Dodge: Dodged            ||    38
